 Dungeon Crawl Stone Soup version 0.29.1-15-g9cfb28693d (webtiles) character file.

Game seed: 790545987897958114

66 Peloso the Covered (level 3, -12/33 HPs)
             Began as a Minotaur Fighter on Apr 22, 2023.
             Killed by divine providence
             ... invoked by an orc priest
              (14 damage)
             ... on level 4 of the Dungeon.
             The game lasted 00:02:10 (1299 turns).

Peloso the Covered (Minotaur Fighter)               Turns: 1299, Time: 00:02:10

Health: -12/33     AC:  9    Str: 20    XL:     3   Next: 96%
Magic:  2/2        EV:  7    Int:  5    God:
Gold:   39         SH:  4    Dex: 11    Spells: 2/2 levels left

rFire   . . .      SeeInvis .   a - +0 long sword
rCold   . . .      Faith    .   d - +0 buckler
rNeg    . . .      Spirit   .   c - +0 chain mail
rPois   .          Reflect  .   (helmet restricted)
rElec   .          Harm     .   (no cloak)
rCorr   .          Rampage  .   (no gloves)
Will    .....                   (no boots)
Stlth   ..........              (no amulet)
HPRegen 0.11/turn               (no ring)
MPRegen 0.08/turn               (no ring)

@: no status effects
A: horns 2, retaliatory headbutt
a: no special abilities


You were on level 4 of the Dungeon.
You visited 1 branch of the dungeon, and saw 3 of its levels.

You collected 39 gold pieces.

Inventory:

Hand Weapons
 a - a +0 long sword (weapon)
Armour
 b - a +0 scale mail
 c - a +0 chain mail (worn)
 d - a +0 buckler (worn)
Wands
 k - a wand of light (8)
 l - a wand of flame (28)
Scrolls
 i - a scroll of identify {unknown}
 j - 2 scrolls of enchant armour {unknown}
Potions
 e - 3 potions of curing {unknown}
 f - 2 potions of might
 g - a potion of mutation {unknown}
 h - 2 potions of attraction {unknown}


   Skills:
 + Level 4.2 Fighting
 + Level 3.0 Long Blades
 + Level 4.4 Armour
 + Level 0.1 Stealth
 + Level 4.3 Shields


You had 2 spell levels left.
You didn't know any spells.
Your spell library was empty.

Dungeon Overview and Level Annotations

Branches:
Dungeon (2/15)

Altars:

Annotations:
D:2 1 runed translucent door, Crazy Yiuf


Innate Abilities, Weirdness & Mutations

You have a pair of horns on your head.
You reflexively headbutt those who attack you in melee.


Message History

a +2 morningstar of protection; an orc corpse
Things that are here:
a +2 morningstar of protection; an orc corpse You start resting.
An orc wizard comes into view. It is wielding a +0 dagger.
Things that are here:
a +2 morningstar of protection; an orc corpse You start resting.
An orc priest comes into view. It is wielding a +0 short sword.
An orc comes into view. It is wielding a +0 dagger.
The orc shouts!
The orc wizard shouts!
The orc priest shouts!
The orc wizard gestures wildly while chanting.
The orc wizard flickers and vanishes!
Deactivating autopickup; reactivate with Ctrl-A.
Things that are here:
a +2 morningstar of protection; an orc corpse Unknown command.
The orc attacks as you move away! The orc closely misses you.
The orc priest attacks as you move away!
The orc priest hits you but does no damage.
The orc priest invokes the aid of Beogh against you.
Beogh smites you!
* * * LOW HITPOINT WARNING * * *
Unknown command.
You hit the orc.
The orc is severely wounded.
You block the orc's attack.
You slash the orc!
You kill the orc!
You barely miss the orc priest. Your headbutt misses the orc priest.
The orc priest hits you but does no damage.
You barely miss the orc priest.
The orc priest hits you with a +0 short sword.
* * * LOW HITPOINT WARNING * * *
You hit the orc priest but do no damage.
You headbutt the orc priest!
The orc priest is heavily wounded.
The orc priest calls down the wrath of Beogh upon you.
Beogh smites you!
You die...

#..## #...# #.#.##
#.##.## #.##..###
#####...#### ..
#......##### ..#
#..###.....######
..## #..##
#####..@o..#####...#
#..#
#####...........##
#..#
#####......#......
#.##
#...........##... ..
...............## #.
................#
###........$...##
...#...{.....##
#.####.###....#


You could see an orc priest.

Vanquished Creatures
  An orc priest (D:4)
  A dart slug (D:1)
  An orc (D:4)
  5 endoplasms
  A giant cockroach (D:1)
  7 hobgoblins
  A quokka (D:2)
  3 ball pythons (D:1)
  3 bats (D:1)
  3 frilled lizards
  A goblin (D:2)
  2 kobolds
  3 rats (D:1)
32 creatures vanquished.

Notes
Turn   | Place    | Note
-------+----------+-------------------------------------------
     0 | D:1      | Peloso the Minotaur Fighter began the quest for the Orb.
     0 | D:1      | Reached XP level 1. HP: 19/19 MP: 0/0
   178 | D:1      | Reached XP level 2. HP: 27/27 MP: 1/1
   695 | D:1      | Found a faded altar of an unknown god.
   972 | D:2      | Reached XP level 3. HP: 28/33 MP: 2/2
  1041 | D:2      | Found a runed translucent door.
  1042 | D:2      | Noticed Crazy Yiuf
  1110 | D:2      | You fall into a shaft and drop 2 floors!
  1299 | D:4      | Killed from afar by an orc priest

Illustrated notes

Levels and vault maps discovered:
D:1:      lightli_arrival_lavapool, layout_loops_ring,
          ebering_ecumenical_altar_hall, minmay_split_cup_small
D:2:      layout_rooms, serial_shops, shop, uniq_crazy_yiuf_cottage
D:4:      layout_cave_pods, amcnicky_altar_gilded, grunt_gozag_statues

Skill      XL: |  1  2  3 |
---------------+----------+-----
Fighting       | 4 |  4.2
Armour         | 4 |  4.4
Shields        | 4 |  4.3
Long Blades    | 3 |  3.0
Stealth        | |  0.1

Action                   || total
-------------------------++-------
Melee: Long sword        ||    63
       Headbutt          ||    13
Armor: Scale mail        ||     1
       Chain mail        ||    25
Dodge: Dodged            ||    21
Block: Buckler           ||    20
